 Dungeon Crawl Stone Soup version 0.18-a0-1805-g8ab820f (webtiles) character file.

6821 Mefis the Thaumaturge (level 10, -7/50 HPs)
             Began as a Deep Elf Wizard on Apr 26, 2016.
             Was a Priest of Sif Muna.
             Mangled by a troll (11 damage)
             ... on level 10 of the Dungeon.
             The game lasted 01:34:58 (14066 turns).

Mefis the Thaumaturge (Deep Elf Wizard)            Turns: 14066, Time: 01:34:59

Health: -7/50      AC:  6    Str: -2 (4) XL:     10   Next: 77%
Magic:  2/25       EV: 15    Int: 27    God:    Sif Muna [***...]
Gold:   286        SH:  0    Dex: 13    Spells: 10 memorised, 3 levels left

rFire  . . .     SeeInvis +     U - +0 shortbow
rCold  . . .     Gourm    .     V - +1 robe {rN+}
rNeg   + . .     Faith    .     (shield currently unavailable)
rPois  .         Spirit   .     P - +1 hat {SInv}
rElec  .         Dismiss  .     w - +0 cloak
rCorr  .         Reflect  .     (no gloves)
SustAt .         Harm     .     t - +0 pair of boots
MR     +....                    n - amulet of rage
Stlth  +++.......               (no ring)
                                (no ring)

@: slowed, lost strength, repel missiles, very slow, somewhat resistant to
hostile enchantments, fairly stealthy
A: screaming 1
a: Channel Energy, Renounce Religion, Evoke Berserk Rage


You were on level 10 of the Dungeon.
You worshipped Sif Muna.
Sif Muna was most pleased with you.
You were near starving.

You visited 2 branches of the dungeon, and saw 11 of its levels.
You also visited: Ossuary.

You collected 576 gold pieces.
You spent 290 gold pieces at shops.

Inventory:

Hand Weapons
 o - a +0 dagger
 s - a +1 dagger of venom
 U - a +0 shortbow (weapon)
Missiles
 g - 37 poisoned needles
 k - 5 needles of confusion
 O - 2 throwing nets
 R - 78 arrows (quivered)
 S - 2 javelins
Armour
 t - a +0 pair of boots (worn)
 w - a +0 cloak (worn)
 P - a +1 hat of see invisible (worn)
 V - a +1 robe of positive energy (worn)
 W - a +0 hat of magic resistance
Magical Staves
 b - an uncursed staff of summoning
Jewellery
 n - an amulet of rage (around neck)
Wands
 a - a wand of random effects (12/48)
 x - a wand of lightning (4/15)
 I - a wand of confusion (48/48)
 T - a wand of iceblast (9/15)
Scrolls
 e - 5 scrolls of remove curse
 h - 3 scrolls of recharging
 j - 2 scrolls of fear
 l - a scroll of summoning {unknown}
 v - 2 scrolls of enchant armour {unknown}
 y - 4 scrolls of noise {unknown}
 D - 2 scrolls of amnesia {unknown}
 E - 2 scrolls of random uselessness {unknown}
 F - a scroll of magic mapping
 K - a scroll of enchant weapon
Potions
 f - a potion of curing
 i - 2 potions of magic
 p - 4 potions of resistance
 q - a potion of degeneration
 u - a potion of might
 A - a potion of cancellation
 B - a potion of ambrosia
 C - 2 potions of mutation {unknown}
 G - a potion of agility
Books
 c - a book of Minor Magic

   Spells                             Type                      Level
   a - Magic Dart                     Conjuration                  1
   b - Blink                          Translocation                2
   c - Call Imp                       Summoning                    2
   d - Repel Missiles                 Charms/Air                   2
   e - Slow                           Hexes                        2
   f - Conjure Flame                  Conjuration/Fire             3
   g - Mephitic Cloud                 Conjuration/Poison/Air       3
 H - a book of Callings

   Spells                             Type                      Level
   a - Summon Small Mammal            Summoning                    1
   b - Call Imp                       Summoning                    2
   c - Call Canine Familiar           Summoning                    3
   d - Summon Guardian Golem          Hexes/Summoning              3
   e - Summon Lightning Spire         Summoning/Air                4
   f - Summon Ice Beast               Ice/Summoning                4
 N - a Young Poisoner's Handbook

   Spells                             Type                      Level
   a - Sting                          Conjuration/Poison           1
   b - Cure Poison                    Poison                       2
   c - Mephitic Cloud                 Conjuration/Poison/Air       3
   d - Olgreb's Toxic Radiance        Poison                       4
   e - Venom Bolt                     Conjuration/Poison           5
Miscellaneous
 M - a disc of storms
Comestibles
 d - 4 bread rations
 m - 3 royal jellies
 r - a slice of pizza
 z - 4 meat rations
 L - 3 fruits


   Skills:
 - Level 0.2 Fighting
 + Level 6.5 Dodging
 + Level 6.5 Stealth
 + Level 9.8 Spellcasting
 + Level 6.6 Conjurations
 + Level 6.3 Hexes
 + Level 5.7 Summonings
 + Level 5.1 Translocations
 + Level 5.1 Fire Magic
 + Level 4.4 Air Magic
 + Level 4.8 Poison Magic
 + Level 1.6 Invocations


You had 3 spell levels left.
You knew the following spells:

 Your Spells              Type           Power        Failure   Level  Hunger
a - Magic Dart            Conj           ####         1%          1    None
b - Call Imp              Summ           #####...     1%          2    None
c - Blink                 Tloc           N/A          1%          2    None
d - Venom Bolt            Conj/Pois      #####.....   14%         5    ####...
e - Mephitic Cloud        Conj/Pois/Air  #####...     1%          3    None
f - Conjure Flame         Conj/Fire      #####...     1%          3    None
g - Slow                  Hex            #####...     1%          2    None
h - Summon Lightning Spi  Summ/Air       #####...     6%          4    None
i - Repel Missiles        Chrm/Air       ####..       2%          2    None
s - Sting                 Conj/Pois      ####         1%          1    None


Dungeon Overview and Level Annotations

Branches:
Dungeon (10/15)            Temple (1/1) D:7
   Lair: D:8-11         Orc: D:9-12

Altars:
Ashenzari
Dithmenos
Fedhas
Gozag
Kikubaaqudgha
Nemelex Xobeh
Pakellas
Qazlal
Sif Muna
Trog
Vehumet
Xom
Yredelemnul
Zin
The Shining One

Shops:
D:5 %}?!   D:7 !   D:9 [

Annotations:
D:5 Shops


Innate Abilities, Weirdness & Mutations

You occasionally shout uncontrollably at your foes.


Message History

The troll closely misses your crimson imp.
The troll claws your crimson imp. x2
The troll closely misses your crimson imp.
The troll misses your crimson imp.
The troll closely misses your crimson imp.
Your crimson imp barely misses the troll.
The troll bites your crimson imp!
Your crimson imp dies!
Your crimson imp blinks!
Found a ring mail.
Things that are here:
a dagger; a robe; an orc corpse
Things that are here:
a dagger of holy wrath; an embroidered robe; an orc corpse
Things that are here:
a mace; an orc corpse The troll misses you.
The troll claws you!
* * * LOW HITPOINT WARNING * * *
The troll claws you!
You die...

#..# ##.# ### #.# ..#
#.## ######.## #..#
###...[...# ##.# ###
..........# ##.###..
#.......#########......#
#.....T@...........#####
#.......##########.#
#...)...# #.....#
###)##### ##.....# #)#
#..._..# #.# #......#
#)## #......##### #..#
#.#........# ##)#
#..........#


You could see a troll.

Vanquished Creatures
  Erica (D:8)
  A wyvern (D:9)
  2 orc warriors
  2 sky beasts
  5 ogres
  2 wasps
  A necrophage (D:6)
  2 phantoms
  2 centaurs (D:9)
  A giant frog (D:8)
  A scorpion (D:7)
  11 killer bees
  3 howler monkeys (D:7)
  2 crimson imps
  A centaur zombie (D:9)
  4 orc priests
  6 hounds
  A jelly (D:8)
  8 orc wizards
  2 centaur skeletons
  3 giant frog skeletons
  2 iguanas
  6 worker ants
  A big kobold zombie (Ossuary)
  A hound zombie (D:10)
  A hound skeleton (D:7)
  A howler monkey zombie (D:10)
  A mummy (Ossuary)
  4 gnolls
  7 adders
  2 river rats (D:3)
  A shadow imp (D:6)
  2 oozes (D:3)
  An adder skeleton (D:4)
  An adder zombie (D:9)
  2 worms
  2 dart slugs
  3 giant geckos
  15 orcs
  2 ball pythons
  9 goblins
  6 hobgoblins
  10 jackals
  4 quokkas
  8 bats
  A giant gecko skeleton (D:4)
  6 giant newts
  3 goblin zombies (Ossuary)
  5 hobgoblin zombies (Ossuary)
  A jackal zombie (Ossuary)
  3 kobolds
  6 kobold zombies (Ossuary)
  9 orc zombies (Ossuary)
  A quokka skeleton (D:7)
  A quokka zombie (D:6)
  11 rats
  A rat zombie (Ossuary)
201 creatures vanquished.

Vanquished Creatures (collateral kills)
  Gastronok (D:8)
  The ghost of barb4r1an the Transmogrifier, a novice MfTm of Cheibriados (D:7)
  A hill giant (D:10)
  A hungry ghost (D:9)
  A black bear (D:7)
  2 orc warriors
  4 ice beasts
  A phantom (D:4)
  A gnoll sergeant (D:9)
  A scorpion (D:6)
  14 killer bees
  3 wights (D:9)
  3 howler monkeys
  A crimson imp (D:8)
  A giant frog zombie (D:9)
  A human zombie (Ossuary)
  7 orc wizards
  3 orc priests
  A giant frog skeleton (D:7)
  An iguana (D:7)
  2 worker ants
  A mummy (Ossuary)
  2 gnolls (D:9)
  A shadow imp (D:9)
  2 adder zombies (Ossuary)
  A worm (D:4)
  7 orcs
  A giant cockroach (D:8)
  7 goblins (D:3)
  A giant gecko zombie (D:8)
  3 hobgoblin zombies (Ossuary)
  4 kobold zombies (Ossuary)
  A rat zombie (Ossuary)
82 creatures vanquished.

Vanquished Creatures (others)
  A killer bee (D:8)
  A worker ant (D:8)
2 creatures vanquished.

Grand Total: 285 creatures vanquished

Notes
Turn   | Place    | Note
--------------------------------------------------------------
     0 | D:1      | Mefis the Deep Elf Wizard began the quest for the Orb.
     0 | D:1      | Reached XP level 1. HP: 10/10 MP: 7/7
   903 | D:2      | Reached skill level 5 in Spellcasting
   903 | D:2      | Reached XP level 2. HP: 15/15 MP: 5/10
   907 | D:2      | Learned a level 2 spell: Call Imp
   910 | D:2      | Learned a level 2 spell: Blink
   913 | D:2      | Learned a level 2 spell: Repel Missiles
  1103 | D:2      | Found a faded altar to an unknown god.
  1580 | D:3      | Reached XP level 3. HP: 19/19 MP: 7/11
  2272 | D:3      | Noticed an ogre
  2300 | D:3      | Learned a level 3 spell: Mephitic Cloud
  2566 | D:3      | Killed an ogre
  2566 | D:3      | Reached skill level 6 in Spellcasting
  2566 | D:3      | Reached XP level 4. HP: 24/24 MP: 4/14
  2571 | D:3      | Learned a level 3 spell: Conjure Flame
  2574 | D:3      | Learned a level 2 spell: Slow
  2744 | D:3      | Reached XP level 5. HP: 28/28 MP: 13/15
  2994 | D:4      | Found a sand-covered staircase.
  3056 | Ossuary  | Entered an ossuary
  3471 | Ossuary  | Reached skill level 7 in Spellcasting
  3590 | Ossuary  | Reached XP level 6. HP: 27/32 MP: 0/18
  4138 | D:4      | Found a glowing silver altar of Zin.
  4566 | D:4      | Reached skill level 1 in Poison Magic
  4702 | D:4      | Reached skill level 1 in Hexes
  4971 | D:4      | Reached XP level 7. HP: 36/36 MP: 11/19
  4977 | D:4      | Learned a level 4 spell: Summon Lightning Spire
  5002 | D:4      | Reached skill level 1 in Air Magic
  5162 | D:5      | Entered Level 5 of the Dungeon
  5202 | D:5      | Found Gysme's Distillery.
  5206 | D:5      | Found Osilac's Magic Scroll Boutique.
  5214 | D:5      | Bought a scroll of enchant weapon for 90 gold pieces
  5350 | D:5      | Found Ahat's Food Shoppe.
  5363 | D:5      | Found Berefad's Gadget Shoppe.
  5367 | D:5      | Bought a disc of storms for 200 gold pieces
  5405 | D:5      | Learned a level 1 spell: Sting
  5457 | D:5      | Found an opulent altar of Gozag.
  5780 | D:6      | Reached skill level 1 in Fire Magic
  5887 | D:6      | Reached XP level 8. HP: 41/41 MP: 14/21
  6030 | D:6      | Found a stormy altar of Qazlal.
  6456 | D:6      | Found a bloodstained altar of Trog.
  6805 | D:7      | Noticed barb4r1an's ghost (novice MfTm)
  6884 | D:7      | Reached skill level 8 in Spellcasting
  7062 | D:7      | Reached skill level 5 in Conjurations
  7071 | D:7      | HP: 2/41 [poisoned by a killer bee]
  7478 | D:7      | Found a staircase to the Ecumenical Temple.
  7485 | Temple   | Entered the Ecumenical Temple
  7492 | Temple   | Became a worshipper of Sif Muna the Loreminder
  7529 | D:7      | Found Nithrog's Distillery.
  7700 | D:7      | Reached XP level 9. HP: 41/45 MP: 21/23
  7764 | D:7      | Killed barb4r1an's ghost
  7764 | D:7      | Reached skill level 5 in Stealth
  8378 | D:8      | Reached skill level 5 in Dodging
  8419 | D:8      | Noticed Erica
  8423 | D:8      | Reached * piety under Sif Muna
  8462 | D:8      | Noticed Gastronok
  8971 | D:7      | Learned a level 5 spell: Venom Bolt
  9073 | D:8      | Killed Gastronok
  9073 | D:8      | Reached ** piety under Sif Muna
  9073 | D:8      | Reached skill level 5 in Hexes
  9073 | D:8      | Reached skill level 5 in Summonings
  9075 | D:8      | Killed Erica
  9075 | D:8      | Reached skill level 9 in Spellcasting
  9075 | D:8      | Reached XP level 10. HP: 38/50 MP: 0/25
  9607 | D:8      | Gained mutation: You occasionally shout uncontrollably at your foes. [mutagenic meat]
 10140 | D:9      | Found a glowing golden altar of the Shining One.
 10143 | D:9      | Found a shattered altar of Ashenzari.
 10143 | D:9      | Found a basalt altar of Yredelemnul.
 10194 | D:9      | Identified a scroll of acquirement
 11029 | D:9      | Found a shadowy altar of Dithmenos.
 11040 | D:9      | Lost strength.
 11563 | D:9      | Reached *** piety under Sif Muna
 11804 | D:9      | Reached skill level 1 in Invocations
 11837 | D:9      | Found Tuzej's Antique Armour Emporium.
 12612 | D:10     | Entered Level 10 of the Dungeon
 13145 | D:10     | Noticed a hill giant
 13159 | D:10     | Killed a hill giant
 13159 | D:10     | Reached skill level 5 in Translocations
 13159 | D:10     | Reached skill level 5 in Fire Magic
 13924 | D:10     | Found an ancient bone altar of Kikubaaqudgha.
 14066 | D:10     | Mangled by a troll

Vault maps used:
D:1:      dpeg_arrival_rooms_c, minivault_27
D:2:      ecumenical_altar_2
D:3:      portal_sewer_entry_e, first_bread, minmay_ogre_servants
D:4:      nicolae_overflow_hidden_temple, enter_ossuary_3
D:5:      nicolae_gozag_cash_rules_everything_around_me, serial_shops, shop,
          nicolae_shop_crystal, nicolae_shop_competitors_out_of_business, shop
D:6:      grunt_qazlal_clouds, trog_hazing_becter
D:7:      minmay_temple_entry_trees, serial_shops,
          nicolae_shop_temple_entry_statues_fountains
D:8:      uniq_erica, uniq_gastronok
D:9:      nicolae_dithmenos_shadow_blocks, gammafunk_temple_overflow_forgotten,
          serial_shops, shop
D:10:     david_lair_shrubbed, basic_altar
Temple:   circular_temple_13
Ossuary:  ossuary_tomb_1

Skill      XL: |  1  2  3  4  5  6  7  8  9 10 |
---------------+-------------------------------+-----
Spellcasting   | 5 6 7 8 9 |  9.8
Conjurations   | 2 3 4 5 6 |  6.6
Stealth        | 3 4 5 6 |  6.5
Summonings     | 2 3 4 5 |  5.7
Dodging        | 3 4 5 6 |  6.5
Poison Magic   | 1 2 3 4 |  4.8
Hexes          | 1 2 4 5 6 |  6.3
Air Magic      | 1 2 3 4 |  4.4
Translocations | 2 3 4 5 |  5.1
Fire Magic     | 1 3 4 5 |  5.1
Invocations    | 1 |  1.6
Fighting       | |  0.2

Action                   |  1- 3 |  4- 6 |  7- 9 | 10-12 || total
-------------------------+-------+-------+-------+-------++-------
Melee: Dagger            |       |    27 |       |       ||    27
 Fire: Hunting sling     |       |       |    18 |    18 ||    36
       Shortbow          |       |       |       |     4 ||     4
Throw: Throwing net      |       |       |       |     1 ||     1
 Cast: Magic Dart        |   101 |   193 |   118 |    72 ||   484
       Repel Missiles    |     1 |       |     2 |       ||     3
       Call Imp          |     3 |    18 |    15 |    12 ||    48
       Mephitic Cloud    |     3 |       |    10 |    15 ||    28
       Blink             |     1 |       |    12 |     8 ||    21
       Sting             |       |       |   117 |    20 ||   137
       Summon Lightning  |       |       |    15 |    12 ||    27
       Conjure Flame     |       |       |     1 |     3 ||     4
       Venom Bolt        |       |       |       |    37 ||    37
Invok: Channel Energy    |       |       |     2 |     1 ||     3
Evoke: Disc of storms    |       |       |     4 |       ||     4
  Use: Scroll            |       |       |     5 |     4 ||     9
       Potion            |       |       |     2 |    11 ||    13
  Eat: Chunk             |     5 |     2 |    13 |     5 ||    25
       Bread ration      |       |     1 |       |     5 ||     6
Armor: Robe              |     3 |     8 |    17 |    23 ||    51
Dodge: Dodged            |    15 |    49 |    80 |    84 ||   228
       Deflected         |       |       |     3 |     2 ||     5
